 Dungeon Crawl Stone Soup version 0.31-a0-38-g1548c4f2a5 (webtiles) character file.

Game seed: 3229010812321386469

(classic levelgen) 535 Amnesiac the Digger (level 7, 0/32 HPs)
             Began as a Deep Elf Earth Elementalist on May 16, 2023.
             Slain by an orc warrior
             ... wielding a +0 hand axe
              (11 damage)
             ... on level 6 of the Dungeon.
             The game lasted 00:05:15 (2395 turns).

Amnesiac the Digger (Deep Elf Earth Elementalist)   Turns: 2395, Time: 00:05:16

Health: 0/32       AC:  3    Str:  5    XL:     7   Next: 4%
Magic:  1/18       EV: 12    Int: 20    God:
Gold:   177        SH:  0    Dex: 15    Spells: 14/18 levels left

rFire   . . .        c - +0 dagger
rCold   . . .        (no shield)
rNeg    . . .        a - +0 robe
rPois   .            (no helmet)
rElec   .            (no cloak)
rCorr   .            f - +0 pair of gloves
SInv    .            (no boots)
Will    .....        (no amulet)
Stlth   ++           (no ring)
HPRegen 0.25/turn    (no ring)
MPRegen 0.16/turn

%: no passive effects
@: no status effects
A: dopey 1, frail 1, MP-powered wands
a: no special abilities


You were on level 6 of the Dungeon.
You visited 1 branch of the dungeon, and saw 6 of its levels.

You collected 177 gold pieces.

Inventory:

Hand Weapons
 c - a +0 dagger (weapon)
Armour
 a - a +0 robe (worn)
 f - a +0 pair of gloves (worn)
Jewellery
 r - a ring of positive energy
Wands
 d - a wand of iceblast (12)
Scrolls
 e - 2 scrolls of teleportation {!r}
Potions
 b - a potion of magic {!q}
 i - a potion of ambrosia {!q, unknown}
 k - a potion of curing {!q}
 o - a potion of brilliance {!q}
 p - a potion of haste {!q}
 s - a potion of cancellation {!q}


   Skills:
 - Level 2.4 Dodging
 - Level 2.4 Stealth
 + Level 6.3 Spellcasting
 - Level 1.1 Transmutations
 * Level 7.5 Earth Magic


You had 14 spell levels left.
You knew the following spells:

 Your Spells              Type           Power      Damage    Failure   Level
a - Sandblast             Erth           72%        2d16      1%          1
b - Stone Arrow           Conj/Erth      42%        3d9       6%          3

Your spell library contained the following spells:

 Spells                   Type           Power      Damage    Failure   Level
 Passwall                 Tmut/Erth      19%        N/A       2%          2
 Cigotuvi's Dreadful Rot  Necr/Pois/Air  12%        N/A       16%         2
 Ensorcelled Hibernation  Hex/Ice        12%        N/A       16%         2
 Petrify                  Tmut/Erth      23%        N/A       17%         4
 Spider Form              Tmut/Pois      8%         N/A       24%         3
 Ignite Poison            Fire/Tmut/Pois 7%         N/A       26%         3
 Anguish                  Hex/Necr       3%         N/A       69%         4
 Freezing Cloud           Conj/Ice/Air   3%         6-21      95%         5


Dungeon Overview and Level Annotations

Branches:
Dungeon (7/15)             Temple (0/1) D:6

Altars:


Innate Abilities, Weirdness & Mutations

You are dopey. (Int -2)
You are frail. (-10% HP)
You expend magic power (3 MP) to strengthen your wands.


Message History

Memorise Stone Arrow, consuming 3 spell levels and leaving 14?
You start memorising the spell.
You continue memorising. x3
You finish memorising.
Spell assigned to 'b'.
Casting: Sandblast (safe; 1% risk of failure)
Confirm with . or Enter, or press ? or * to list all spells.
You can't see any susceptible monsters within range! (Use Z to cast anyway.)
Press: ? - help, v - describe, . - travel The floor.
Press: ? - help, v - describe, . - travel
Here: an orc warrior, wielding a +0 hand axe and wearing a +0 plate armour The floor.
Casting: Sandblast (safe; 1% risk of failure)
Confirm with . or Enter, or press ? or * to list all spells.
Aiming: Sandblast (safe; 1% risk of failure)
Press: ? - help, Shift-Dir - straight line, f - orc warrior
Aim: an orc warrior, wielding a +0 hand axe and wearing a +0 plate armour (84% to hit)
The blast of sand misses the orc warrior.
Casting: Sandblast (safe; 1% risk of failure)
Confirm with . or Enter, or press ? or * to list all spells.
Aiming: Sandblast (safe; 1% risk of failure)
Press: ? - help, Shift-Dir - straight line, f/p - orc warrior
Aim: an orc warrior, wielding a +0 hand axe and wearing a +0 plate armour (84% to hit)
The blast of sand hits the orc warrior!
The orc warrior is heavily wounded.
You feel yourself slow down.
Casting: Sandblast (safe; 1% risk of failure)
Confirm with . or Enter, or press ? or * to list all spells.
Aiming: Sandblast (safe; 1% risk of failure)
Press: ? - help, Shift-Dir - straight line, f/p - orc warrior
Aim: an orc warrior, wielding a +0 hand axe and wearing a +0 plate armour (heavily wounded, 84% to hit)
The blast of sand hits the orc warrior but does no damage.
The orc warrior is heavily wounded.
The orc warrior hits you with a +0 hand axe!
* * * LOW HITPOINT WARNING * * *
Really quaff
m - a potion of heal wounds {!q}?
You feel much better. The orc warrior barely misses you.
Casting: Sandblast (safe; 1% risk of failure)
Confirm with . or Enter, or press ? or * to list all spells.
Aiming: Sandblast (safe; 1% risk of failure)
Press: ? - help, Shift-Dir - straight line, f/p - orc warrior
Aim: an orc warrior, wielding a +0 hand axe and wearing a +0 plate armour (heavily wounded, 84% to hit)
The blast of sand misses the orc warrior.
The blast of sand hits the orc!
You kill the orc!
The orc warrior hits you with a +0 hand axe!
Casting: Sandblast (safe; 1% risk of failure)
Confirm with . or Enter, or press ? or * to list all spells.
Aiming: Sandblast (safe; 1% risk of failure)
Press: ? - help, Shift-Dir - straight line, f/p - orc warrior
Aim: an orc warrior, wielding a +0 hand axe and wearing a +0 plate armour (heavily wounded, 84% to hit)
The blast of sand hits the orc warrior but does no damage.
The orc warrior is heavily wounded.
The orc warrior closely misses you.
The orc warrior hits you with a +0 hand axe!
* * * LOW HITPOINT WARNING * * *
Casting: Sandblast (safe; 1% risk of failure)
Confirm with . or Enter, or press ? or * to list all spells.
Aiming: Sandblast (safe; 1% risk of failure)
Press: ? - help, Shift-Dir - straight line, f/p - orc warrior
Aim: an orc warrior, wielding a +0 hand axe and wearing a +0 plate armour (heavily wounded, 84% to hit)
The blast of sand hits the orc warrior but does no damage.
The orc warrior is heavily wounded.
The orc warrior hits you with a +0 hand axe!
You die...

#################
#:.....@ol).....#
#.#############.#
***,* #.# *,*,*
#.# *,*,* #.#
*,*,** ######o#
##### *,,,,*
#....lo# §§§§#
*,*,,* #......###
#§#.# *,*,,*
#....)...#


You could see an orc warrior and an iguana.

Vanquished Creatures
  A phantom (D:6)
  3 wights (D:6)
  A jelly (D:6)
  A sleepcap (D:3)
  3 orc wizards
  5 adders
  4 gnolls (D:3)
  2 dart slugs
  6 orcs
  7 ball pythons (D:1)
  6 bats
  5 endoplasms
  4 giant cockroaches
  10 goblins
  8 hobgoblins
  3 jackals (D:1)
  6 quokkas
  4 frilled lizards
  4 kobolds
  3 rats (D:1)
86 creatures vanquished.

Notes
Turn   | Place    | Note
-------+----------+-------------------------------------------
     0 | D:1      | Amnesiac the Deep Elf Earth Elementalist began the quest
                  | for the Orb.
     0 | D:1      | Reached XP level 1. HP: 10/10 MP: 6/6
    98 | D:1      | Reached XP level 2. HP: 15/15 MP: 5/8
   225 | D:1      | Found a faded altar of an unknown god.
   276 | D:1      | Reached skill level 4 in Earth Magic
   376 | D:1      | Reached XP level 3. HP: 18/19 MP: 5/10
  1028 | D:2      | Reached XP level 4. HP: 24/24 MP: 9/12
  1253 | D:2      | Reached skill level 5 in Earth Magic
  1736 | D:3      | Reached XP level 5. HP: 28/28 MP: 10/14
  1774 | D:3      | Reached skill level 5 in Spellcasting
  1780 | D:3      | Reached skill level 6 in Earth Magic
  2271 | D:4      | You fall into a shaft and drop 3 floors!
  2315 | D:6      | Gained mutation: You are weak. (Str -2) [potion of
                  | mutation]
  2315 | D:6      | Gained mutation: You have large cloven feet. [potion of
                  | mutation]
  2316 | D:6      | Lost mutation: You have large cloven feet. [potion of
                  | mutation]
  2316 | D:6      | Lost mutation: You are weak. (Str -2) [potion of mutation]
  2316 | D:6      | Gained mutation: You are dopey. (Int -2) [potion of
                  | mutation]
  2316 | D:6      | Gained mutation: You are frail. (-10% HP) [potion of
                  | mutation]
  2316 | D:6      | Gained mutation: You expend magic power (3 MP) to
                  | strengthen your wands. [potion of mutation]
  2332 | D:6      | Reached XP level 6. HP: 28/28 MP: 11/16
  2343 | D:6      | Found a staircase to the Ecumenical Temple.
  2349 | D:6      | Noticed an orc warrior
  2359 | D:6      | Reached skill level 7 in Earth Magic
  2368 | D:6      | Reached XP level 7. HP: 14/32 MP: 4/18
  2387 | D:6      | Learned a level 3 spell: Stone Arrow
  2395 | D:6      | Slain by an orc warrior

Illustrated notes

Levels and vault maps discovered:
D:1:      ldierk_walled_garden, layout_basic, ebering_ecumenical_altar_box
D:2:      layout_loops_ring, chequers_serial_rivers_micro_c
D:3:      layout_loops_ring
D:4:      cheibrodos_greedy_goblins, layout_basic,
          nicolae_tso_swordbearing_angel
D:6:      layout_basic, minmay_temple_entry_mist, portal_sewer_entry_e,
          nicolae_ossuary_entry_ruins, uniq_menkaure
D:7:      layout_gridville, mainiacjoe_overflow_paths, marbit_many_paths,
          nicolae_inconvenience_store, hangedman_abyss_or_decor_lesser_grid,
          kennysheep_generic_room_11

Skill      XL: |  1  2  3  4  5  6 |
---------------+-------------------+-----
Earth Magic    | 4 5 6 7 |  7.5
Spellcasting   | 4 5 6 |  6.3
Dodging        | |  2.4
Stealth        | |  2.4
Transmutations | |  1.1

Action                     |  1- 3 |  4- 6 |  7- 9 || total
---------------------------+-------+-------+-------++-------
  Melee: Dagger            |     4 |       |       ||     4
   Cast: Sandblast         |    53 |    64 |     7 ||   124
    Use: Scroll            |       |     9 |       ||     9
         Potion            |       |     4 |     1 ||     5
 Armour: Robe              |    10 |     3 |       ||    13
  Dodge: Dodged            |    22 |    15 |     2 ||    39

Table legend: (Time is in decaauts)
 A = Elapsed time spent in this place.
 B = Non-inter-level travel time spent in this place.
 C = Inter-level travel time spent in this place.
 D = Time resting spent in this place.
 E = Time spent auto-exploring this place.
 F = Levels seen in this place.
 G = Mean time per level.
                   A        B        C        D        E       F      G
               +--------+--------+--------+--------+--------+-----+--------+
         Total |   2441 |   2406 |     35 |     85 |   1798 |   6 |  406.8 |
       Dungeon |   2441 |   2406 |     35 |     85 |   1798 |   6 |  406.8 |
               +--------+--------+--------+--------+--------+-----+--------+

Top non-repeatable levels by time:
     D:1: 888 daAuts
     D:2: 706 daAuts
     D:3: 655 daAuts
     D:6: 77 daAuts
     D:4: 72 daAuts
     D:7: 40 daAuts
